[Event "Orlicka sachovnice 2023"]
[Site "Usti nad Orlici, Czech Republic"]
[Date "2023.05.06"]
[Round "6.4"]
[White "Kafka, Ondrej"]
[Black "Findejs, David"]
[Result "1-0"]
[TimeControl "12 min + 3 s"]
[WhiteElo "1271"]
[BlackElo "1378"]

1. d4 Nf6 2. Bg5 e6 3. c4 d5 4. Nc3 Bb4 5. cxd5 exd5 6. Nf3 Nc6 7. e3 h6 8. Bh4 O-O 9. Bd3 Bg4 10.
Be2 Qd7 11. O-O Bxc3 12. Bxf6 Bxb2 13.
Rb1 gxf6 14. Rxb2 Rab8 15. h3 Bxf3 16. Bxf3 Kh8 17. Bg4 Qd8 18. Qf3 Ne7 19. Qxf6+ Kh7 20. Qe5 Ng6 21. Qg3 f5 22.
Bh5 Qg5 23. Bxg6+ Kxg6 24. Qxc7 Kh5 25. Kh1 f4 26. exf4 Rxf4 27. Qxb8 1-0

[Event "Orlicka sachovnice 2023"]
[Site "Usti nad Orlici, Czech Republic"]
[Date "2023.05.06"]
[Round "6.5"]
[White "Bohac, Jan"]
[Black "Jun, Rostislav"]
[Result "0-1"]
[TimeControl "12 min + 3 s"]
[WhiteElo "1070"]
[BlackElo "1370"]

1. d4 e6 2. e4 d5 3. e5 c5 4. c3 Nc6 5. Nf3 Qc7 6. Bb5 a6 7. Bxc6+ Qxc6 8. Be3 f6 9. O-O b5 10. b4 cxd4 11.
Bxd4 Be7 12. a4 Bd7 13. Re1 bxa4 14. Na3 Qc7 15. Qc2 Nh6 16. Qe2 Nf5 17. Rab1 O-O 18. Rb2 Nxd4 19. Nxd4 a5 20. Nac2 axb4 21.
cxb4 a3 22. Ra2 Qc4 23. Qd2 Qxa2 24.
Ra1 Qb2 25. Nb3 Qxe5 26. Re1 Qb8 27. Ra1 Bxb4 28. Nxb4 Rc8 29. Qd1 Ba4 30. Rxa3 Qxb4 0-1

[Event "Orlicka sachovnice 2023"]
[Site "Usti nad Orlici, Czech Republic"]
[Date "2023.05.06"]
[Round "6.7"]
[White "Vuova, Karolina"]
[Black "Kubicek, Ondrej"]
[Result "1-0"]
[TimeControl "12 min + 3 s"]
[WhiteElo "1300"]
[BlackElo "1119"]

1. e4 e5 2. Nf3 Nc6 3. Bc4 f5 4. d3 Nf6 5. Nc3 Bc5 6. O-O d6 7. Bg5 h6 8. Bxf6 Qxf6 9. Nd5 Qd8 10.
c3 Na5 11. Bb3 c6 12. Ne3 f4 13. Nc2 g5 14. d4 Nxb3 15. axb3 exd4 16. cxd4 Bb6 17. d5 Bd7 18. Re1 g4 19. Nfd4 g3 20. Qh5+ Kf8 21.
hxg3 fxg3 22. fxg3 c5 23. Rf1+ Kg8 24. Qf7# 1-0

[Event "Orlicka sachovnice 2023"]
[Site "Usti nad Orlici, Czech Republic"]
[Date "2023.05.06"]
[Round "7.1"]
[White "Seidl, Vaclav"]
[Black "Stary, Vojtech"]
[Result "1/2-1/2"]
[TimeControl "12 min + 3 s"]
[WhiteElo "1373"]
[BlackElo "1604"]

1. c4 c5 2. Nc3 Nf6 3. g3 d5 4. cxd5 Nxd5 5. Bg2 Nc7 6.
Nf3 Nc6 7. d3 e5 8. Bd2 Be7 9. O-O O-O 10. a3 Be6 11. Qc2 f6 12. Na4 b6 13. b4 Rb8 14. bxc5 b5 15. Nb2 Nd4 16. Nxd4 exd4 17. Bf4 Rc8 18. Bb7 Rb8 19. c6 Bd6 20. Bxd6 Qxd6 21. Rfc1 Bh3 22. Qc5 Qe6 23. Rc2 Rfd8 24. a4 a6 25. axb5 axb5 26. Ra7 1/2-1/2

[Event "Orlicka sachovnice 2023"]
[Site "Usti nad Orlici, Czech Republic"]
[Date "2023.05.06"]
[Round "7.2"]
[White "Jun, Robert"]
[Black "Cimprich, Lukas"]
[Result "0-1"]
[TimeControl "12 min + 3 s"]
[WhiteElo "1424"]
[BlackElo "1365"]

1. e4 c5 2. Nf3 Nc6 3. Bb5 g6 4. c3 Bg7 5. Bxc6 dxc6 6. d4 cxd4 7. cxd4 Bg4 8. Be3 Bxf3 9. gxf3 c5 10. Qa4+ Qd7 11.
Qxd7+ Kxd7 12. Nd2 cxd4 13. Bf4 e5 14. Bg3 Ne7 15. O-O Rac8 16.
Rfc1 Rxc1+ 17. Rxc1 Rc8 18. Rxc8 Nxc8 19. Nc4 f6 20. f4 Nd6 21. Nxd6 Kxd6 22. fxe5+ fxe5 23. Kf1 Kc5 24. Ke2 Kc4 25. f4 exf4 26. Bxf4 d3+ 27.
Kd2 Bxb2 28. e5 Kd5 29. e6 Kxe6 30.
Kxd3 Kd5 31. Be3 a6 32. a4 b5 33. axb5 axb5 34. Kc2 Be5 35. h3 Kc4 36. Bg5 b4 37. Kd1 Kd3 38. Kc1 b3 39. Kb1 b2 40. h4 Ke4 41. Be7 Kf5 42. Bg5 Bf6 43.
Bxf6 Kxf6 44. h5 g5 45. Kxb2 Kf5 46.
Kc2 Kg4 47. Kd2 Kxh5 48. Ke2 Kh4 49. Kf1 h6 50.
Kg2 Kg4 51. Kh1 Kh3 52. Kg1 Kg3 53. Kh1 h5 54. Kg1 g4 55. Kh1 Kf2 56. Kh2 g3 57. Kh1 g2+ 58. Kh2 g1=Q 59. Kh3 Qg4+ 60. Kh2 Qg2 0-1

[Event "Orlicka sachovnice 2023"]
[Site "Usti nad Orlici, Czech Republic"]
[Date "2023.05.06"]
[Round "7.3"]
[White "Jun, Rostislav"]
[Black "Kafka, Ondrej"]
[Result "0-1"]
[TimeControl "12 min + 3 s"]
[WhiteElo "1370"]
[BlackElo "1271"]

1. e4 e6 2. d4 d5 3. e5 c5 4. c3 Nc6 5.
Be3 Qb6 6. b3 cxd4 7. cxd4 Bb4+ 8. Bd2 Qxd4 9. Bxb4 Qxa1 10.
Bc3 Qxa2 11. Nf3 Nge7 12. Bd3 O-O 13. Ng5 Ng6 14. Qh5 h6 15. Nf3 Nf4 0-1

[Event "Orlicka sachovnice 2023"]
[Site "Usti nad Orlici, Czech Republic"]
[Date "2023.05.06"]
[Round "7.4"]
[White "Smehlik, Vojtech"]
[Black "Vuova, Karolina"]
[Result "1-0"]
[TimeControl "12 min + 3 s"]
[WhiteElo "1369"]
[BlackElo "1300"]

1. e4 e5 2. Nc3 Nc6 3. Bc4 Bc5 4. Qg4 g6 5. Nd5 Nf6 6.
Nxf6+ Qxf6 7. Qf3 Qxf3 8. Nxf3 d6 9. h3 Nb4 10. Bb3 Be6 11. a3 Nc6 12. Ba4 O-O 13. Bxc6 bxc6 14. O-O a5 15.
d3 f5 16. Bh6 Rfe8 17. Ng5 f4 18. Nxe6 Rxe6 19. Kh1 d5 20.
c3 d4 21. b4 Bb6 22. c4 c5 23. b5 a4 24. g3 Rf6 25. gxf4 exf4 26. Rg1 Re8 27. Rg4 f3 28. Rag1 c6 29.
bxc6 Rxc6 30. Rf4 Bc7 31. Rxf3 Bd6 32. Rb1 Re5 33. Rb8+ 1-0

[Event "Orlicka sachovnice 2023"]
[Site "Usti nad Orlici, Czech Republic"]
[Date "2023.05.06"]
[Round "7.5"]
[White "Zimmermann, Jost"]
[Black "Kvapil, Paul"]
[Result "1-0"]
[TimeControl "12 min + 3 s"]
[WhiteElo "1061"]
[BlackElo "1279"]

1. e4 c5 2. Nf3 Nc6 3. d4 cxd4 4. Nxd4 d6 5. Nxc6 bxc6 6. Bc4 Nf6 7. Nc3 Bb7 8. Bg5 e5 9. Qf3 Be7 10.
O-O O-O 11. Qg3 Nh5 12. Bxe7 Qxe7 13. Qg4 Nf6 14. Qg3 d5 15. exd5 cxd5 16. Bb3 Rac8 17. Rfe1 Rfe8 18. Rad1 d4 19.
Ne2 Bd5 20. Bxd5 Nxd5 21. Nxd4 Nb4 22. c3 Qb7 23. Nf5 g6 24. Nd6 1-0

[Event "Orlicka sachovnice 2023"]
[Site "Usti nad Orlici, Czech Republic"]
[Date "2023.05.06"]
[Round "7.7"]
[White "Kopecky, Lukas"]
[Black "Padivy, Jan"]
[Result "0-1"]
[TimeControl "12 min + 3 s"]
[WhiteElo "1057"]
[BlackElo "1189"]

1. e4 c6 2. d4 d5 3. exd5 cxd5 4.
Nf3 Nc6 5. Nc3 Nf6 6. Bf4 Bf5 7. Bb5 a6 8. Bd3 Qd7 9. Qd2 g6 10. O-O-O Bg7 11. Rhe1 O-O 12. h3 Rfc8 13. g4 Bxd3 14.
Qxd3 b5 15. Qd2 b4 16. Ne2 a5 17. g5 Ne4 18. Qd3 Nxf2 19.
Qe3 Nxd1 20. Rxd1 Qxh3 21. Rg1 Qf5 22. Ng3 Qd7 23. Rh1 a4 24. Qd2 b3 25. a3 bxc2 26. Ne5 Nxe5 27. Bxe5 Qb5 28. Qh2 h5 29. gxh6 Bxe5 30. h7+ Kh8 31. dxe5 Rab8 32. Kd2 Qxb2 33. Ne2 c1=Q+ 34. Kd3 Qbd2# 0-1

[Event "Orlicka sachovnice 2023"]
[Site "Usti nad Orlici, Czech Republic"]
[Date "2023.05.06"]
[Round "8.1"]
[White "Stary, Vojtech"]
[Black "Kafka, Ondrej"]
[Result "1-0"]
[TimeControl "12 min + 3 s"]
[WhiteElo "1604"]
[BlackElo "1271"]

1. d4 Nf6 2. c4 d6 3. Nc3 g6 4.
e4 Nbd7 5. Nf3 Bg7 6. Be2 O-O 7. h3 c5 8. d5 b6 9. Be3 Ba6 10. Qd2 Re8 11. Bh6 Bb7 12. g4 Nf8 13. Bxg7 Kxg7 14. g5 Nh5 15. Nh4 Bc8 16. O-O-O a6 17. Bxh5 gxh5 18. Qe2 Ng6 19. Qxh5 Bd7 20. Nf5+ Bxf5 21. exf5 Ne5 22. Qh6+ Kh8 23. f4 Nd7 24. g6 Nf6 25. Ne4 Rg8 26. Nxf6 Rg7 27. Nh5 Qf8 28. Nxg7 Qxg7 29. Qxg7+ Kxg7 30. gxh7 Kxh7 31. Rdg1 1-0

[Event "Orlicka sachovnice 2023"]
[Site "Usti nad Orlici, Czech Republic"]
[Date "2023.05.06"]
[Round "8.2"]
[White "Cimprich, Lukas"]
[Black "Seidl, Vaclav"]
[Result "1-0"]
[TimeControl "12 min + 3 s"]
[WhiteElo "1365"]
[BlackElo "1373"]

1. e4 d6 2. d4 Nf6 3. Nc3 g6 4. Bc4 Bg7 5. Qe2 O-O 6. e5 dxe5 7. dxe5 Ne8 8. Nf3 e6 9. O-O c5 10. Be3 b6 11. Rad1 Qe7 12.
a3 Nc6 13. Nb5 Nxe5 14. Nc3 Nxc4 15. Qxc4 Nd6 16. Qd3 Nf5 17. Bf4 Bb7 18. Bd6 Nxd6 19. Qxd6 Qxd6 20. Rxd6 Rfd8 21. Rfd1 Bf6 22. Rxd8+ Rxd8 23. Rxd8+ Bxd8 24. Nd2 Bf6 25.
Kf1 Kf8 26. g3 Ke7 27. Ke2 Kd6 28.
f4 Bd4 29. Nce4+ Bxe4 30. Nxe4+ Ke7 31. c3 Bf6 32. Kd3 e5 33. fxe5 Bxe5 34. Ng5 h6 35. Nf3 Ke6 36. b4 cxb4 37. cxb4 f5 38. b5 f4 39. gxf4 Bxf4 40.
Nd4+ Kd5 41. h3 Bc1 42. a4 Kc5 43. Nc6 a6 44. Ne7 g5 45. bxa6 Bf4 1-0

[Event "Orlicka sachovnice 2023"]
[Site "Usti nad Orlici, Czech Republic"]
[Date "2023.05.06"]
[Round "8.3"]
[White "Malek, Daniel"]
[Black "Smehlik, Vojtech"]
[Result "0-1"]
[TimeControl "12 min + 3 s"]
[WhiteElo "1207"]
[BlackElo "1369"]

1. e4 e5 2. Nf3 Nc6 3.
Bc4 Bc5 4. d3 Nf6 5. Nc3 h6 6. h3 O-O 7. Be3 Bb6 8. Qd2 d6 9. O-O-O Bxe3 10. Qxe3 Be6 11. Bb3 Nh7 12. g4 Ne7 13.
g5 hxg5 14. Nxg5 Nxg5 15. Qxg5 Ng6 16. Qg3 Nf4 17. Rdg1 g6 18. h4 b5 19. h5 Bxb3 20. axb3 b4 21. hxg6 bxc3 22. gxf7+ Kxf7 23.
Qg7+ Ke8 24. Re1 cxb2+ 25. Kxb2 Qe7 26. Qxe7+ Kxe7 27. Rh7+ Rf7 28. Rxf7+ Kxf7 29. Kc3 Rg8 30. f3 Ne6 31.
Ra1 Ra8 32. Kb4 a6 33. Kc4 Nd4 34. Kc3 Ke6 35. Rf1 Rf8 36. Ra1 Ra8 37. f4 Nb5+ 38. Kb4 c5+ 39. Kc4 exf4 40. Rf1 Ke5 41.
Rf2 Rg8 42. c3 Rc8 43. Ra2 d5+ 44. exd5 Nd6# 0-1

[Event "Orlicka sachovnice 2023"]
[Site "Usti nad Orlici, Czech Republic"]
[Date "2023.05.06"]
[Round "8.4"]
[White "Padivy, Jan"]
[Black "Zimmermann, Jost"]
[Result "0-1"]
[TimeControl "12 min + 3 s"]
[WhiteElo "1189"]
[BlackElo "1061"]

1. d4 d5 2. c4 e6 3. Nc3 Nf6 4. Nf3 Bb4 5. Bd2 Nc6 6. a3 Bxc3 7. Bxc3 Bd7 8. e3 O-O 9. Be2 Re8 10. O-O Ne4 11. Bd3 Nxc3 12.
bxc3 e5 13. Rb1 b6 14. Re1 e4 15.
cxd5 Ne7 16. Bxe4 Ng6 17. Bd3 c6 18. e4 cxd5 19. exd5 Bg4 20. Rxe8+ Qxe8 21. h3 Bd7 22. Qd2 Qe7 23.
a4 Bxa4 24. Qa2 Bd7 25. Rxb6 Nf4 26. Bc2 Ne2+ 27. Kf1 Nxc3 28. Qa1 Qe2+ 29. Kg1 Qxc2 30. Rb7 Bxh3 31. gxh3 Qg6+ 32. Kh2 Nxd5 33.
Qb2 h6 34. Qa1 0-1

[Event "Orlicka sachovnice 2023"]
[Site "Usti nad Orlici, Czech Republic"]
[Date "2023.05.06"]
[Round "8.5"]
[White "Sorf, Filip"]
[Black "Vecerova, Hana"]
[Result "1/2-1/2"]
[TimeControl "12 min + 3 s"]
[WhiteElo "1513"]
[BlackElo "1171"]

1. e4 e5 2. Nf3 Nc6 3. Bc4 Nf6 4.
d3 h6 5.
Nc3 Bc5 6. Be3 Bb6 7. Qd2 d6 8. h3 Nd4 9.
Bxd4 Bxd4 10. Nxd4 exd4 11. Ne2 c5 12. O-O O-O 13. Nf4 Re8 14. Rfe1 a6 15. a4 Be6 16. Nxe6 fxe6 17. e5 Nd5 18. exd6 Qxd6 19. Re4 Nf6 20.
Re2 Kh8 21. Rae1 e5 22. f4 exf4 23. Re6 Qc7 24. R1e5 Rxe6 25. Rxe6 Re8 26. Qe2 Qd7 27. Rxe8+ Qxe8 28. Qxe8+ Nxe8 29. Kf2 Nf6 30. Kf3 g5 31. c3 a5 1/2-1/2

[Event "Orlicka sachovnice 2023"]
[Site "Usti nad Orlici, Czech Republic"]
[Date "2023.05.06"]
[Round "8.6"]
[White "Knizner, Michal"]
[Black "Jun, Robert"]
[Result "0-1"]
[TimeControl "12 min + 3 s"]
[WhiteElo "1152"]
[BlackElo "1424"]

1. e4 c5 2. Nc3 d6 3. Bc4 a6 4. d3 e6 5. a4 Nf6 6. Bg5 Be7 7. Nf3 Nc6 8. O-O O-O 9. Re1 Ng4 10.
Bxe7 Qxe7 11. h3 Nge5 12. Nxe5 Nxe5 13. b3 Nxc4 14. bxc4 Qf6 15.
Qd2 Qg6 16. e5 Rd8 17. Ne4 d5 18. cxd5 exd5 19. Ng3 Be6 20. Rab1 Rd7 21. Qa5 c4 22. dxc4 dxc4 23. c3 Rad8 24.
Qb6 Qc2 25. Qb4 Bd5 26. Rec1 Qg6 27. Qa5 Bc6 28. Rb6 Rd1+ 29. Rxd1 Rxd1+ 30. Kh2 Qc2 31. Qc5 Rd5 32. Qe7 h6 33.
Nh5 Qxf2 34. Qh4 Qxh4 35. Ng3 Rd2 36. Rb4 Rxg2+ 37. Kh1 Rb2+ 38. Kg1 0-1

[Event "Orlicka sachovnice 2023"]
[Site "Usti nad Orlici, Czech Republic"]
[Date "2023.05.06"]
[Round "8.7"]
[White "Kloud, Tomas"]
[Black "Findejs, David"]
[Result "0-1"]
[TimeControl "12 min + 3 s"]
[WhiteElo "1075"]
[BlackElo "1378"]

1. Nf3 c5 2. c4 Nf6 3. Nc3 Nc6 4. e3 g6 5. d4 cxd4 6. exd4 e6 7. Bg5 Bg7 8.
Bd3 O-O 9. O-O h6 10. Bh4 b6 11. Rc1 Bb7 12.
Bb1 Qc7 13. Bg3 Qd8 14. Qd3 d5 15. cxd5 exd5 16. Rfe1 Re8 17. Rxe8+ Qxe8 18. Re1 Qd7 19. Ne5 Re8 20. Nxd7 Rxe1+ 21. Qf1 Rxf1+ 22. Kxf1 Nxd7 0-1

[Event "Orlicka sachovnice 2023"]
[Site "Usti nad Orlici, Czech Republic"]
[Date "2023.05.06"]
[Round "9.1"]
[White "Zimmermann, Jost"]
[Black "Stary, Vojtech"]
[Result "0-1"]
[TimeControl "12 min + 3 s"]
[WhiteElo "1061"]
[BlackElo "1604"]

1. e4 c5 2. Nf3 e6 3. c4 Nc6 4.
Nc3 a6 5. d3 g6 6. Bf4 d6 7. d4 cxd4 8. Nxd4 e5 9. Nxc6 bxc6 10. Bg3 Rb8 11. b3 Bg7 12. Be2 Ne7 13. O-O c5 14. Nd5 Nc6 15. Bg4 O-O 16. Bxc8 Rxc8 17. Rb1 a5 18. f4 Nd4 19. fxe5 dxe5 20. Ne3 Qd7 21. Nc2 Qe6 22. Nxd4 exd4 23. Re1 Be5 24. Bxe5 Qxe5 25. a4 Rb8 26. Re2 Rb4 27. Qd3 Rfb8 28. Rf2 R8b7 29. Rfb2 Qb8 30. Qf3 Rxc4 31.
bxc4 Rxb2 32. Rxb2 Qxb2 33. Qg3 Qc1+ 34. Kf2 Qd2+ 35. Kf3 Qd3+ 36.
Kf4 Qxg3+ 37. hxg3 Kg7 38. e5 Kf8 39. Ke4 Ke7 40. g4 Ke6 41. g5 Ke7 42. g4 Kf8 43. Kd3 Kg7 44. Ke4 h6 45. gxh6+ Kxh6 46. Kd5 d3 47. Kxc5 d2 48. Kb6 d1=Q 49. c5 Qxg4 50. c6 Qc8 51.
Kxa5 Qxc6 52. e6 fxe6 53. Kb4 e5 0-1

[Event "Orlicka sachovnice 2023"]
[Site "Usti nad Orlici, Czech Republic"]
[Date "2023.05.06"]
[Round "9.3"]
[White "Jun, Robert"]
[Black "Vuova, Karolina"]
[Result "1/2-1/2"]
[TimeControl "12 min + 3 s"]
[WhiteElo "1424"]
[BlackElo "1300"]

1. e4 e5 2. Nf3 Nc6 3. Bb5 Bc5 4. O-O d6 5. c3 Nf6 6. d4 exd4 7. cxd4 a6 8. Bxc6+ bxc6 9. dxc5 O-O 10. cxd6 cxd6 11. Bg5 h6 12. Bh4 Re8 13. Re1 Bg4 14. h3 Bh5 15. Nc3 g5 16. Bg3 d5 17. exd5 Rxe1+ 18. Qxe1 Bxf3 19.
gxf3 cxd5 20. Rd1 d4 21. Ne4 Nh5 22. Qd2 f5 23. Nc5 f4 24. Bh2 Qc8 25. Qc2 Qxh3 26. Qg6+ Ng7 27. Rd3 Re8 28.
Ne4 Re6 29. Nf6+ Kf8 30. Rd1 Qxf3 31. Nd7+ Kg8 1/2-1/2

[Event "Orlicka sachovnice 2023"]
[Site "Usti nad Orlici, Czech Republic"]
[Date "2023.05.06"]
[Round "9.4"]
[White "Findejs, David"]
[Black "Jun, Rostislav"]
[Result "0-1"]
[TimeControl "12 min + 3 s"]
[WhiteElo "1378"]
[BlackElo "1370"]

1. d4 e6 2. c4 d5 3. Nc3 Nf6 4. Nf3 Be7 5. Bg5 O-O 6. e3 b6 7. Rc1 Nc6 8. cxd5 exd5 9. Qc2 Bb7 10.
Bd3 Nb4 11. Qb1 Nxd3+ 12. Qxd3 a5 13. O-O Ba6 14. Qc2 Bxf1 15. Kxf1 Rc8 16. Bxf6 Bxf6 17. Nxd5 Qxd5 18. e4 Qb5+ 19. Kg1 Rfd8 20. e5 Be7 21. Qc6 Qxc6 22. Rxc6 h6 23. Kf1 f6 24. Ke2 fxe5 25. dxe5 Bc5 26. Nh4 Re8 27. f4 Kf7 28. g4 Re6 29. Rxe6 Kxe6 30. Kf3 Rd8 0-1

[Event "Orlicka sachovnice 2023"]
[Site "Usti nad Orlici, Czech Republic"]
[Date "2023.05.06"]
[Round "9.5"]
[White "Kafka, Ondrej"]
[Black "Seidl, Vaclav"]
[Result "0-1"]
[TimeControl "12 min + 3 s"]
[WhiteElo "1271"]
[BlackElo "1373"]

1. d4 d6 2. c4 Nf6 3.
Nc3 g6 4. Nf3 Bg7 5. Bg5 O-O 6. e3 Bg4 7.
Be2 Nbd7 8. O-O c5 9. Qd2 Rc8 10. h3 Bxf3 11. Bxf3 b6 12. d5 Ne5 13. Qe2 Nxf3+ 14. Qxf3 Nd7 15. e4 Ne5 16. Qe3 Nxc4 17. Qc1 a6 18. b3 Na5 19. Bh6 b5 20. Bxg7 Kxg7 21. Qb2 Kg8 22. b4 Nc4 23. Qe2 cxb4 24. Nd1 Ne5 25. Rb1 Rc4 26. f3 Qb6+ 27. Kh1 a5 28. Ne3 Rc5 29. Rb3 Rfc8 30. Rfb1 Rc1+ 31. Kh2 Rxb1 32.
Rxb1 Rc3 33. Nd1 Rc5 34. Kh1 Qc7 35. Kh2 Rc2 36. Qxb5 Nxf3+ 37. Kg3 Nd4 38. Qe8+ Kg7 39. Qa4 Rc1 40. Rxc1 Qxc1 41. Nf2 Qe3+ 42.
Kh2 Qxf2 43. Qxa5 Nf3+ 44. Kh1 Qg1# 0-1

[Event "Orlicka sachovnice 2023"]
[Site "Usti nad Orlici, Czech Republic"]
[Date "2023.05.06"]
[Round "9.7"]
[White "Vecerova, Hana"]
[Black "Trejtnar, Matej"]
[Result "1/2-1/2"]
[TimeControl "12 min + 3 s"]
[WhiteElo "1171"]
[BlackElo "1378"]

1. e4 e5 2. Nf3 Nc6 3. Bc4 Bc5 4. Nc3 Nf6 5. d3 d6 6. h3 Bd7 7. Bg5 h6 8.
Bh4 g5 9. Bg3 Qe7 10. Bd5 a6 11.
O-O Bb4 12. a3 Ba5 13. b4 Bb6 1/2-1/2